 Dungeon Crawl Stone Soup version 0.28.0-1-gb440e238dd (webtiles) character file.

Game seed: 2151871535007057673

1257 funkygono the Firebug (level 8, -17/42 HPs)
             Began as a Gargoyle Fire Elementalist on Feb 25, 2022.
             Demolished by an orc warrior (18 damage)
             ... on level 6 of the Dungeon.
             The game lasted 00:12:40 (6631 turns).

funkygono the Firebug (Gargoyle Fire Elementalist)  Turns: 6631, Time: 00:12:41

Health: -17/42     AC:  9    Str: 13    XL:     8   Next: 51%
Magic:  7/17       EV: 12    Int: 17    God:
Gold:   297        SH:  0    Dex: 10    Spells: 9/19 levels left

rFire   + . .      SeeInvis .   m - +0 mace
rCold   + + .      Faith    .   (no shield)
rNeg    + . .      Spirit   .   a - +0 robe
rPois   ∞          Reflect  .   u - +2 hat
rElec   +          Harm     .   c - scarf {rC+ rF+}
rCorr   .          Rampage  .   (no gloves)
Will    .....                   (no boots)
Stlth   ++........              (no amulet)
HPRegen 0.14/turn               p - ring of protection from cold
MPRegen 0.15/turn               (no ring)

@: no status effects
A: sickness immunity, AC +5, negative energy resistance 1, electricity
resistance, torment resistance 1, petrification resistance
a: no special abilities


You were on level 6 of the Dungeon.
You visited 1 branch of the dungeon, and saw 6 of its levels.

You collected 297 gold pieces.

Inventory:

Hand Weapons
 m - a +0 mace (weapon)
 r - a +1 mace of distortion
 s - a +0 flail
 B - a +0 whip
Missiles
 b - 62 stones
Armour
 a - a +0 robe (worn)
 c - a scarf of resistance (worn)
 d - a +2 tower shield
 j - a +0 leather armour
 u - a +2 hat (worn)
 y - a +2 leather armour of poison resistance
Jewellery
 p - a ring of protection from cold (left hand)
Wands
 x - a wand of paralysis (13)
 z - a wand of flame (20)
Scrolls
 e - a scroll of immolation
 i - 2 scrolls of blinking
Potions
 g - 6 potions of curing
 h - 2 potions of cancellation
 k - a potion of haste
 o - a potion of mutation
 q - a potion of attraction
 v - a potion of invisibility {unknown}


   Skills:
 + Level 0.3 Fighting
 + Level 0.1 Maces & Flails
 + Level 1.8 Dodging
 - Level 2.1 Stealth
 * Level 6.2 Spellcasting
 * Level 4.4 Conjurations
 * Level 6.9 Fire Magic


You had 9 spell levels left.
You knew the following spells:

 Your Spells              Type           Power      Damage    Failure   Level
a - Foxfire               Conj/Fire      96%        2x1d8     1%          1
b - Scorch                Fire           58%        2d7       1%          2
c - Conjure Flame         Conj/Fire      24%        6-21      3%          3
d - Flame Wave            Conj/Fire      24%        2d7       12%         4

Your spell library contained the following spells:

 Spells                   Type           Power      Damage    Failure   Level
 Shock                    Conj/Air       48%        1d6       4%          1
 Inner Flame              Hex/Fire       17%        N/A       9%          3
 Swiftness                Air            5%         N/A       36%         3
 Airstrike                Air            2%         N/A       77%         4


Dungeon Overview and Level Annotations

Branches:
Dungeon (6/15)
 Temple: D:4-7

Altars:
Cheibriados
Makhleb
Xom
Zin


Innate Abilities, Weirdness & Mutations

You are immune to sickness and miasma.
Your stone body is resilient. (AC +5)
You are immune to poison.
You resist negative energy. (rN+)
You are resistant to electric shocks. (rElec)
You are resistant to unholy torment.
You are immune to petrification.


Message History

The orc warrior's fire resistance burns away.
You hear a shout!
The foxfire hits the orc warrior.
The orc warrior is burned terribly!
The orc warrior is moderately wounded.
The orc warrior hits you from afar with a +0 glaive!
Casting: Scorch (safe; 1% risk of failure)
Confirm with . or Enter, or press ? or * to list all spells.
You conjure some foxfire!
The orc warrior hits you from afar with a +0 glaive.
The orc hits you with a +0 dagger.
Casting: Foxfire (safe; 1% risk of failure)
Confirm with . or Enter, or press ? or * to list all spells.
Flames lash the orc warrior.
The orc warrior is burned terribly!
The orc warrior is heavily wounded.
The foxfire hits the orc.
The orc is severely wounded.
The foxfire hits the orc.
The orc is almost dead.
The orc wizard casts a spell.
The orc wizard flickers and vanishes!
Deactivating autopickup; reactivate with Ctrl-A.
The orc warrior closely misses you.
Casting: Scorch (safe; 1% risk of failure)
Confirm with . or Enter, or press ? or * to list all spells.
You conjure some foxfire!
A magic dart appears from out of thin air!
The magic dart hits you but does no damage.
The orc warrior completely misses you. The orc hits you with a +0 dagger.
Casting: Foxfire (safe; 1% risk of failure)
Confirm with . or Enter, or press ? or * to list all spells.
Flames lash the orc.
You kill the orc!
The foxfire hits the orc warrior.
The orc warrior is burned terribly!
The orc warrior is severely wounded.
The foxfire hits the orc warrior.
The orc warrior is severely wounded.
The orc warrior hits you from afar with a +0 glaive!!
* * * LOW HITPOINT WARNING * * *
The orc warrior hits you from afar with a +0 glaive!!
You die...

#.# #.# #.#.## #
#.# #####.###)...#
# #.#
#......)))...# #
#.# #.###.####...#
# #.# #.# #.# ##.##
# #.# #.# #.# #.# #
#.# #.# #.# #.#
#.#####§###.# #.#
#.....@.§...# #.#
#######)#########.#
#...>o.......
#.##....####.
#.#..#..#
#.#.###.... #.#.§
.###. #.##.§ .. #.#
#.# ##


You could see an orc warrior (combustible).

Vanquished Creatures
  A sky beast (D:4)
  A centaur (D:6)
  2 phantoms
  A gnoll sergeant (D:6)
  A water moccasin skeleton (D:5)
  3 wights (D:6)
  A bullfrog zombie (D:6)
  3 orc priests (D:5)
  A gnoll shaman (D:6)
  A jelly (D:4)
  A bullfrog skeleton (D:5)
  An iguana (D:4)
  Ijyb (D:5)
  5 orc wizards
  A killer bee zombie (D:5)
  A howler monkey skeleton (D:5)
  6 gnolls (D:6)
  10 adders
  2 white imps
  An ufetubus (D:4)
  An adder skeleton (D:4)
  2 worms
  3 dart slugs
  15 orcs
  7 endoplasms
  3 giant cockroaches
  5 goblins
  5 hobgoblins
  10 jackals
  6 kobolds
  4 quokkas
  5 ball pythons
  4 bats
  3 frilled lizards
  12 rats
129 creatures vanquished.

Vanquished Creatures (collateral kills)
  A foxfire (D:1)
1 creature vanquished.

Vanquished Creatures (others)
  429 foxfires
  A fungus (D:1)
430 creatures vanquished.

Grand Total: 560 creatures vanquished

Notes
Turn   | Place    | Note
-------+----------+-------------------------------------------
     0 | D:1      | funkygono the Gargoyle Fire Elementalist began the quest
                  | for the Orb.
     0 | D:1      | Reached XP level 1. HP: 10/10 MP: 3/3
   202 | D:1      | Reached XP level 2. HP: 15/15 MP: 0/5
   207 | D:1      | Learned a level 2 spell: Scorch
   758 | D:1      | Found a faded altar of an unknown god.
   779 | D:1      | Reached XP level 3. HP: 19/19 MP: 3/6
   783 | D:1      | Learned a level 3 spell: Conjure Flame
  1416 | D:2      | Reached XP level 4. HP: 24/24 MP: 5/8
  2394 | D:3      | Found a burning altar of Makhleb.
  2394 | D:3      | Found a glowing silver altar of Zin.
  2395 | D:3      | Noticed an angel
  2395 | D:3      | Noticed a cacodemon
  2764 | D:4      | Noticed a phantom
  2800 | D:3      | Killed a phantom
  2801 | D:3      | Reached XP level 5. HP: 6/28 MP: 0/10
  2888 | D:3      | Learned a level 4 spell: Flame Wave
  3061 | D:4      | Noticed a sky beast
  3068 | D:4      | Killed a sky beast
  3069 | D:4      | Reached XP level 6. HP: 32/32 MP: 1/12
  3511 | D:4      | Found a shimmering altar of Xom.
  4004 | D:5      | Entered Level 5 of the Dungeon
  4089 | D:5      | Reached XP level 7. HP: 37/37 MP: 3/14
  4095 | D:5      | Reached skill level 5 in Fire Magic
  4274 | D:5      | Reached skill level 5 in Spellcasting
  4450 | D:5      | Noticed Ijyb
  4461 | D:5      | Killed Ijyb
  5117 | D:5      | Found a snail-covered altar of Cheibriados.
  5621 | D:6      | Reached XP level 8. HP: 42/42 MP: 1/16
  6630 | D:6      | HP: 1/42 [orc warrior (18)]
  6631 | D:6      | Demolished by an orc warrior

Illustrated notes

Levels and vault maps discovered:
D:1:      amcnicky_arrival_blooded_trapdoor, layout_rooms,
          shapermc_ecumenical_altar_acropolis, minmay_rat_gold_closets
D:2:      layout_basic
D:3:      layout_loops_ring, grunt_temple_overflow_order_and_chaos_2
D:4:      layout_loops_cross, mainiacjoe_overflow_cross_hatched
D:5:      layout_basic, mainiacjoe_overflow_concentric_impassable, uniq_ijyb
D:6:      layout_loops_ring, temple_statues, kennysheep_nub

Skill      XL: |  1  2  3  4  5  6  7  8 |
---------------+-------------------------+-----
Conjurations   | 2 3 4 |  4.4
Spellcasting   | 3 4 5 6 |  6.2
Fire Magic     | 4 6 |  6.9
Fighting       | |  0.3
Maces & Flails | |  0.1
Dodging        | |  1.8
Stealth        | |  2.1

Action                   |  1- 3 |  4- 6 |  7- 9 || total
-------------------------+-------+-------+-------++-------
Melee: Mace              |       |    11 |       ||    11
 Cast: Foxfire           |    54 |    92 |   112 ||   258
       Scorch            |       |    20 |    39 ||    59
       Conjure Flame     |       |       |     3 ||     3
  Use: Scroll            |       |       |    13 ||    13
Armor: Robe              |     6 |    16 |     9 ||    31
Dodge: Dodged            |     8 |    22 |    19 ||    49
